 Dungeon Crawl Stone Soup version 0.31.0-11-ge490571c62 (webtiles) character file.

Game seed: 9194098085416114281

13 Flugkiller the Chiller (level 2, 0/13 HPs)
             Began as a Vine Stalker Ice Elementalist on Feb 3, 2024.
             Succumbed to a scorpion's poison
             ... on level 4 of the Dungeon.
             The game lasted 00:00:42 (244 turns).

Flugkiller the Chiller (VSIE)                        Turns: 244, Time: 00:00:43

Health: 0/13       AC:  2    Str: 10    XL:     2   Next: 37%
Magic:  0/6        EV: 12    Int: 15    God:
Gold:   48         SH:  0    Dex: 14    Spells: 5/6 levels left

rFire   . . .        c - +0 quarterstaff
rCold   . . .        (shield currently unavailable)
rNeg    . . .        a - +0 robe
rPois   .            (no helmet)
rElec   .            (no cloak)
rCorr   .            (no gloves)
SInv    .            (no boots)
Will    .....        (no amulet)
Stlth   ++           (no ring)
HPRegen 1.02/turn    (no ring)
MPRegen 0.10/turn

%: guardian spirit
@: lethally poisoned (0 -> -1), very slightly contaminated
A: fangs 2, regeneration 1, magic shield, antimagic bite, no potion heal 2
a: no special abilities


You were on level 4 of the Dungeon.
You visited 1 branch of the dungeon, and saw 4 of its levels.

You collected 48 gold pieces.

Inventory:

Hand Weapons
 c - a +0 quarterstaff (weapon)
   (You found it on level 3 of the Dungeon)
Armour
 a - a +0 robe (worn)
Scrolls
 d - a scroll of identify {unknown}
 e - a scroll of brand weapon {unknown}
Potions
 b - a potion of magic


   Skills:
 - Level 1.5 Dodging
 - Level 2.4 Stealth
 + Level 2.7 Spellcasting
 + Level 4.3 Ice Magic


You had 5 spell levels left.
You knew the following spells:

 Your Spells              Type           Power      Damage    Failure   Level
a - Freeze                Ice            56%        1d7       3%          1

Your spell library contained the following spells:

 Spells                   Type           Power      Damage    Failure   Level
 Frozen Ramparts          Ice            28%        1d5       11%         3
 Ozocubu's Armour         Ice            14%        N/A       11%         3
 Summon Ice Beast         Ice/Summ       8%         N/A       26%         3
 Call Imp                 Summ           4%         N/A       30%         2
 Sublimation of Blood     Necr           2%         N/A       30%         2
 Summon Hydra             Summ           1%         N/A       100%        7


Dungeon Overview and Level Annotations

Branches:
Dungeon (4/15) Zot: 23751
 Temple: D:4-7

Altars:


Innate Abilities, Weirdness & Mutations

You have extremely sharp teeth.
Your natural rate of healing is unusually fast.
When hurt, damage is shared between your health and your magic reserves.
Your bite disrupts and absorbs the magic of your enemies.
Potions cannot restore your health.


Message History

The kobold throws a stone.
The stone barely misses you.
The kobold throws a stone.
The stone completely misses you.
Things that are here:
a +0 club; a goblin corpse The kobold hits you with a +0 short sword.
You barely miss the kobold. Your bite misses the kobold.
The kobold hits you with a +0 short sword.
You completely miss the kobold. You bite the kobold. You drain its power.
You feel invigorated.
The kobold is severely wounded.
The kobold hits you with a +0 short sword.
You barely miss the kobold.
The kobold is severely wounded.
The kobold hits you with a +0 short sword. x2
You barely miss the kobold. You bite the kobold, but do no damage.
The kobold is severely wounded.
The kobold barely misses you.
You miss the kobold.
The kobold is severely wounded.
The kobold barely misses you.
You miss the kobold.
The kobold is severely wounded.
The kobold hits you with a +0 short sword.
You hit the kobold but do no damage. Your bite misses the kobold.
The kobold is severely wounded.
The kobold misses you.
The kobold hits you with a +0 short sword.
You barely miss the kobold. You bite the kobold, but do no damage.
The kobold is severely wounded.
The kobold hits you but does no damage.
You closely miss the kobold. Your bite misses the kobold.
The kobold is severely wounded.
The kobold hits you but does no damage.
You sock the kobold!
You kill the kobold!
Things that are here:
a +0 short sword; 2 stones; a kobold corpse You now have 48 gold pieces (gained 10).
Things that are here:
a +0 club; a goblin corpse
There is a stone staircase leading down here.
Magic restored.
There is a stone staircase leading down here.
You climb downwards.
There is a stone staircase leading up here.
You are a level 2 Vine Stalker Ice Elementalist.
You are 37% of the way to level 3.
Play time: 00:00:30 (211 turns).
Zot will find you in 23785 turns if you stay in this branch and explore no new floors.
Unknown command.
You aren't carrying any items that you can evoke.
Unknown command.
Okay, then.
There is a stone staircase leading down here.
A bombardier beetle comes into view.
Casting: Freeze (safe; 3% risk of failure)
Confirm with . or Enter, or press ? or * to list all spells.
Aiming: Freeze (safe; 3% risk of failure)
Press: ? - help, Shift-Dir - straight line, f - scorpion
Aim: a scorpion You miscast Freeze.
You are very lightly contaminated with residual magic.
Nothing appears to happen.
The scorpion closely misses you. The scorpion stings you.
Casting: Freeze (safe; 3% risk of failure)
Confirm with . or Enter, or press ? or * to list all spells.
Aiming: Freeze (safe; 3% risk of failure)
Press: ? - help, Shift-Dir - straight line, f/p - scorpion
Aim: a scorpion You freeze the scorpion.
The scorpion is lightly wounded.
The scorpion stings you.
You are poisoned.
The scorpion poisons you!
Casting: Freeze (safe; 3% risk of failure)
Confirm with . or Enter, or press ? or * to list all spells.
Aiming: Freeze (safe; 3% risk of failure)
Press: ? - help, Shift-Dir - straight line, f/p - scorpion
Aim: a scorpion (lightly wounded)
You freeze the scorpion.
The scorpion is heavily wounded.
You feel very sick. The scorpion stings you.
Unknown command.
You barely miss the scorpion.
The scorpion is heavily wounded.
You feel very sick. The scorpion barely misses you.
The scorpion stings you but does no damage.
You hit the scorpion. You bite the scorpion. You drain its power.
You feel invigorated.
The scorpion is almost dead.
You feel sick. The scorpion stings you.
* * * LOW HITPOINT WARNING * * *
Unknown command.
Casting: Freeze (safe; 3% risk of failure)
Confirm with . or Enter, or press ? or * to list all spells.
You don't have enough magic to cast this spell.
You sock the scorpion!
You kill the scorpion!
You die...

......##.....# ..#
........<....# ..#
.##..........##..###
..............##...#
.#.............#...#
.#...........#>....#
..#.........#...B..#
...............#†###
...[..........##@#
.#...##.......##...#
......).......###..#
...##..............#
#####..............#
#.....##.......##
##.#............##
###.............#
#...#...........


You could see a bombardier beetle.

Vanquished Creatures
  A scorpion (D:4)
  A dart slug (D:4)
  A ribbon worm (D:3)
  An endoplasm (D:4)
  2 goblins
  A quokka (D:4)
  2 frilled lizards
  A kobold (D:3)
10 creatures vanquished.

Notes
Turn   | Place    | Note
-------+----------+-------------------------------------------
     0 | D:1      | Flugkiller the Vine Stalker Ice Elementalist began the
                  | quest for the Orb.
     0 | D:1      | Reached XP level 1. HP: 9/9 MP: 4/4
   107 | D:4      | Reached XP level 2. HP: 13/13 MP: 2/6
   140 | D:4      | Noticed a scorpion
   235 | D:4      | Noticed a bombardier beetle
   244 | D:4      | Killed a scorpion
   244 | D:4      | Succumbed to a scorpion's poison

Illustrated notes

Levels and vault maps discovered:
D:1:      minmay_arrival_semitransparent, layout_rooms,
          nicolae_ecumenical_snake_handling, minmay_door_square,
          minmay_tetromino_t4
D:2:      layout_loops_corners
D:3:      layout_loops_ring, serial_undead, serial_undead_c, serial_undead_a,
          serial_undead_c, serial_undead_b, ebering_ghost_reflecting_pool,
          uniq_jessica
D:4:      kennysheep_six_static_rooms, layout_cave_pools

Action                     || total
---------------------------++-------
  Melee: Unarmed           ||    10
         Bite              ||    10
         Quarterstaff      ||    19
         Punch             ||     1
   Cast: Freeze            ||     9
 Armour: Robe              ||    19
  Dodge: Dodged            ||    19
